 Dungeon Sprint DCSS version 0.30.1-9-gdf580d7c3d (webtiles) character file.

Game seed: 10442733669640805335

181 Heoruswealwe the Spear-Bearer (level 5, -1/52 HPs)
             Began as a Minotaur Fighter on Oct 5, 2023.
             Splashed by a jelly's acid (4 damage)
             ... in the Dungeon (Sprint IX: "|||||||||||||||||||||||||||||").
             The game lasted 00:00:47 (50 turns).

Heoruswealwe the Spear-Bearer (Minotaur Fighter)      Turns: 50, Time: 00:00:48

Health: -1/52      AC:  8    Str: 22    XL:     5   Next: 34%
Magic:  4/4        EV:  9    Int:  5    God:
Gold:   0          SH:  4    Dex: 10    Spells: 4/4 levels left

rFire   . . .        a - +0 trident
rCold   . . .        d - +0 buckler
rNeg    . . .        c - +0 scale mail
rPois   .            (helmet restricted)
rElec   .            (no cloak)
rCorr   .            (no gloves)
SInv    .            (no boots)
Will    .....        (no amulet) Stlth
                     (no ring)
HPRegen 0.28/turn    (no ring)
MPRegen 0.09/turn

%: no teleportation
@: no status effects
A: horns 2, retaliatory headbutt
a: no special abilities


You were in the Dungeon.
You visited 1 branch

Inventory:

Hand Weapons
 a - a +0 trident (weapon)
Armour
 c - a +0 scale mail (worn)
 d - a +0 buckler (worn)
Scrolls
 j - a scroll of blinking
Potions
 b - a potion of might
 f - a potion of heal wounds
 g - a potion of haste
 i - a potion of berserk rage


   Skills:
 + Level 7.5 Fighting
 * Level 9.6 Polearms
 + Level 7.5 Armour
 - Level 3.6 Shields


You had 4 spell levels left.
You didn't know any spells.
Your spell library was empty.

Dungeon Overview and Level Annotations

Branches:
Dungeon (1/1)

Altars:


Innate Abilities, Weirdness & Mutations

You have a pair of horns on your head.
You reflexively headbutt those who attack you in melee.


Message History

You feel agile.
You closely miss the hound. Your headbutt misses the hound.
The hound barely misses you. You furiously retaliate!
You headbutt the hound. You hit the hound.
The hound is moderately wounded.
The hound barely misses you. You furiously retaliate!
You headbutt the hound. The hound bites you but does no damage.
You barely miss the hound.
The hound is heavily wounded.
The hound misses you.
You miss the hound.
The hound is heavily wounded.
The hound stops to sniff the ground.
The hound bites you but does no damage. You block the hound's attack.
You puncture the hound!
You kill the hound!
Your Fighting skill increases to level 6!
You hit the ogre.
The ogre is lightly wounded.
The ogre hits you with a +0 giant spiked club!
You barely miss the ogre.
The ogre is lightly wounded.
You puncture the ogre!
The ogre is severely wounded.
The ogre hits you with a +0 giant spiked club!!
Ouch! That really hurt!
* * * LOW HITPOINT WARNING * * *
You hit the ogre.
The ogre is almost dead.
You closely miss the ogre.
The ogre is almost dead.
The ogre barely misses you.
You puncture the ogre!
You kill the ogre!
Your Fighting skill increases to level 7!
Your Polearms skill gained 2 levels and is now at level 9!
Your Armour skill increases to level 7!
You have reached level 5!
You puncture the jelly!
Your hands burn!
You die... ▓▓▓▓▓▓▓▓▓▓▓▓▓▓▓▓▓▓ +.....J@...†)...<▓ ▓▓▓▓▓▓▓▓▓▓▓▓▓▓▓▓▓▓

You could see a jelly.

Vanquished Creatures
  An ogre (D)
  A scorpion (D)
  A hound (D)
  An ufetubus (D)
  A ball python (D)
  A giant cockroach (D)
  2 bats (D)
  A kobold (D)
9 creatures vanquished.

Notes
Turn   | Place    | Note
-------+----------+-------------------------------------------
     0 | D        | Heoruswealwe the Minotaur Fighter began the quest for the
                  | Orb.
     0 | D        | Reached XP level 1. HP: 19/19 MP: 0/0
     7 | D        | Reached skill level 3 in Polearms
    26 | D        | Noticed a jelly
    26 | D        | Noticed an ogre
    26 | D        | Noticed a hound
    26 | D        | Noticed a scorpion
    31 | D        | Reached skill level 4 in Polearms
    31 | D        | Reached XP level 2. HP: 26/28 MP: 1/1
    38 | D        | Killed a scorpion
    39 | D        | Reached skill level 5 in Fighting
    39 | D        | Reached skill level 7 in Polearms
    39 | D        | Reached XP level 3. HP: 37/37 MP: 2/2
    39 | D        | Reached XP level 4. HP: 44/44 MP: 3/3
    46 | D        | HP: 2/45 [ogre/+0 giant spiked club (33)]
    49 | D        | Killed an ogre
    50 | D        | Reached skill level 9 in Polearms
    50 | D        | Reached XP level 5. HP: 3/52 MP: 4/4
    50 | D        | Splashed by a jelly's acid

Illustrated notes

Levels and vault maps discovered:
D:        linesprint [early_d, line_temple, items_1, d_10, items_2, lair_1,
          lair_end, items_3, orc_1, orc_end, items_4, d_15, swamp_1, shoals_1,
          snake_1, spider_1, d_20, vaults_1, items_5, swamp_end, shoals_end,
          snake_end, spider_end, vaults_end, d_27, items_6, zot_1, zot_end,
          crypt_end, forest_end, elf_end, slime_end, tomb_end, abyss_end,
          pan_hell_end]

Skill      XL: |  1  2  3  4 |
---------------+-------------+-----
Polearms       | 4 7 9 |  9.6
Fighting       | 4 5 7 |  7.5
Armour         | 4 6 7 |  7.5
Shields        | |  3.6

Action                     |  1- 3 |  4- 6 || total
---------------------------+-------+-------++-------
  Melee: Trident           |    24 |    12 ||    36
         Headbutt          |     4 |       ||     4
    Use: Potion            |     1 |       ||     1
 Armour: Scale mail        |    19 |     2 ||    21
  Dodge: Dodged            |    12 |     4 ||    16
  Block: Buckler           |     7 |     1 ||     8
